 Dungeon Crawl Stone Soup version 0.30-b1-2-g02819fbbbe (webtiles) character file.

Game seed: 18189942641078539279

209848 Flugkiller the Tortoise (level 18, -2/168 (180) HPs)
             Began as a Minotaur Fighter on May 21, 2023.
             Was a Follower of Uskayaw.
             Blown up by an orb spider (25 damage)
             ... with an orb of destruction
             ... led by a jorogumo
             ... on level 4 of the Spider Nest.
             The game lasted 00:35:32 (29841 turns).

Flugkiller the Tortoise (Minotaur Fighter)         Turns: 29841, Time: 00:35:32

HP:   -2/168 (180)  AC: 22    Str: 28    XL:     18   Next: 16%
MP:   13/35         EV: 13    Int:  3    God:    Uskayaw [*.....]
Gold: 2480          SH: 14    Dex: 11    Spells: 17/17 levels left

rFire   + . .        W - +6 broad axe (heavy)
rCold   + . .        b - +1 kite shield {rC+}
rNeg    . . .        U - +3 plate armour {rF+}
rPois   +            M - +0 hat
rElec   .            A - +2 cloak {Will+}
rCorr   .            Z - +2 pair of gloves {infuse}
SInv    +            K - +2 pair of boots
Will    ++++.        L - amulet of faith Stlth
                     u - ring "Akalirab" {Will++ EV+5 Str-4 Int+2 SInv}
HPRegen 0.48/turn    m - ring "Iqyr" {rPois MP+9 Str+4 Int-4 Slay+2}
MPRegen 0.24/turn

%: faith, infuse magic (1 MP)
@: corroded, studying Evocations, drained
A: horns 2, retaliatory headbutt
}: 1/15 runes: decaying
a: Renounce Religion, Stomp


You were on level 4 of the Spider Nest.
You worshipped Uskayaw.
Uskayaw was pleased with you.
You visited 6 branches of the dungeon, and saw 31 of its levels.
You also visited: Bailey, Gauntlet, Ice Cave and Volcano.

You collected 3624 gold pieces.
You spent 1144 gold pieces at shops.

Inventory:

Hand Weapons
 S - a +5 broad axe
   (You took it off an orc warlord in a bailey)
 W - a +6 heavy broad axe (weapon)
   (You took it off a minotaur in a Gauntlet)
Armour
 b - a +1 kite shield of cold resistance (worn)
   (You took it off a tengu warrior on level 13 of the Dungeon)
 A - a +2 cloak of willpower (worn)
   (You took it off Crazy Yiuf on level 3 of the Dungeon)
 K - a +2 pair of boots (worn)
   (You found it on level 8 of the Dungeon)
 M - a +0 hat (worn)
   (You took it off Gastronok on level 9 of the Dungeon)
 U - a +3 plate armour of fire resistance (worn)
   (You found it in a volcano)
 Z - a +2 pair of gloves of infusion (worn)
   (You bought it in a shop on level 2 of the Orcish Mines)
Jewellery
 i - a +4 ring of protection
   (You found it in a Gauntlet)
 j - a +4 ring of slaying
   (You found it on level 1 of the Spider Nest)
 m - the ring "Iqyr" (right hand) {rPois MP+9 Str+4 Int-4 Slay+2}
   (You bought it in a shop on level 2 of the Orcish Mines)

   [ring of magical power]

   Str:       It affects your strength (+4).
   Int:       It affects your intelligence (-4).
   Slay:      It affects your accuracy & damage with ranged weapons and melee
   (+2).
   rPois:     It protects you from poison.
   MP:        It affects your magic capacity (+9).
 n - a +6 ring of intelligence
   (You found it on level 2 of the Spider Nest)
 u - the ring "Akalirab" (left hand) {Will++ EV+5 Str-4 Int+2 SInv}
   (You acquired it on level 8 of the Dungeon)

   [ring of evasion]

   EV:        It affects your evasion (+5).
   Str:       It affects your strength (-4).
   Int:       It affects your intelligence (+2).
   SInv:      It lets you see invisible.
   Will:      It greatly increases your willpower.
 F - the ring "Teczet" {Ice Str+3}
   (You found it in a Gauntlet)

   [ring of ice]

   It enhances your ice magic.
   Str:       It affects your strength (+3).
   rF:        It makes you vulnerable to fire.
   rC:        It protects you from cold.
 G - the ring "Maeshima" {rF+ SInv}
   (You acquired it on level 1 of the Spider Nest)

   [ring of see invisible]

   rF:        It protects you from fire.
   SInv:      It lets you see invisible.
 L - an amulet of faith (around neck)
   (You found it on level 7 of the Dungeon)
 V - the ring "Qufer" {rF+ Int+3}
   (You found it in a Gauntlet)

   [ring of protection from fire]

   Int:       It affects your intelligence (+3).
   rF:        It protects you from fire.
Wands
 l - a wand of flame (111)
   (You found it on level 6 of the Dungeon)
 o - a wand of paralysis (35)
   (You found it on level 5 of the Dungeon)
 x - a wand of digging (7)
   (You took it off Pikel on level 5 of the Dungeon)
 y - a wand of iceblast (23)
   (You found it on level 4 of the Dungeon)
 D - a wand of light (14)
   (You took it off an orc on level 5 of the Dungeon)
Scrolls
 a - 3 scrolls of enchant weapon
 c - 3 scrolls of silence
 e - 8 scrolls of fear
 g - 3 scrolls of poison
 p - a scroll of enchant armour
 r - 4 scrolls of identify
 t - 11 scrolls of teleportation
 z - a scroll of blinking
 B - 3 scrolls of fog
 H - 5 scrolls of vulnerability
 I - a scroll of summoning
 J - 5 scrolls of immolation
Potions
 d - 6 potions of might
 f - a potion of magic
 h - 6 potions of haste
 k - 4 potions of invisibility
 q - 5 potions of curing
 s - 4 potions of attraction
 v - 2 potions of cancellation
 w - 4 potions of heal wounds
 C - 2 potions of berserk rage
 E - 3 potions of mutation
 N - 12 potions of ambrosia
 Q - a potion of lignification
 R - 4 potions of flight
Miscellaneous
 P - a phantom mirror (quivered)
   (You found it on level 11 of the Dungeon)
 Y - a box of beasts
   (You found it in a Gauntlet)


   Skills:
 * Level 20.7 Fighting
 - Level 18.0 Axes
 * Level 20.8 Armour
 + Level 15.1 Shields
 + Level 12.3 Invocations
 - Level 4.0 Evocations


You had 17 spell levels left.
You didn't know any spells.
Your spell library contained the following spells:

 Spells                   Type           Power      Damage    Failure   Level
 Apportation              Tloc           0%         N/A       98%         1
 Foxfire                  Conj/Fire      0%         2x1d4     98%         1
 Freeze                   Ice            0%         1d3       98%         1
 Magic Dart               Conj           0%         1d3       98%         1
 Necrotise                Necr           0%         1d4       98%         1
 Shock                    Conj/Air       0%         1d3       98%         1
 Slow                     Hex            0%         N/A       98%         1
 Summon Small Mammal      Summ           0%         N/A       98%         1
 Scorch                   Fire           0%         2d5       99%         2
 Searing Ray              Conj           0%         2d4       99%         2
 Sublimation of Blood     Necr           0%         N/A       99%         2
 Call Canine Familiar     Summ           0%         N/A       100%        3
 Confusing Touch          Hex            0%         N/A       100%        3
 Frozen Ramparts          Ice            0%         1d1       100%        3
 Hailstorm                Conj/Ice       0%         3d3       100%        3
 Inner Flame              Hex/Fire       0%         N/A       100%        3
 Spider Form              Tmut/Pois      0%         N/A       100%        3
 Summon Guardian Golem    Hex/Summ       0%         N/A       100%        3
 Swiftness                Air            0%         N/A       100%        3
 Vampiric Draining        Necr           0%         2d6       100%        3
 Vhi's Electric Charge    Tloc/Air       0%         N/A       100%        3
 Airstrike                Air            0%         2d(0-16)  100%        4
 Animate Dead             Necr           0%         N/A       100%        4
 Flame Wave               Conj/Fire      0%         2d4       100%        4
 Fulminant Prism          Conj/Hex       0%         3d5       100%        4
 Manifold Assault         Tloc           0%         N/A       100%        4
 Petrify                  Tmut/Erth      0%         N/A       100%        4
 Sticky Flame             Conj/Fire      0%         2d3       100%        4
 Agony                    Necr           0%         N/A       100%        5
 Alistair's Intoxication  Tmut/Pois      0%         N/A       100%        5
 Arcjolt                  Conj/Air       0%         1d10      100%        5
 Borgnjor's Vile Clutch   Necr/Erth      0%         N/A       100%        5
 Fireball                 Conj/Fire      0%         3d3       100%        5
 Freezing Cloud           Conj/Ice/Air   0%         6-21      100%        5
 Irradiate                Conj/Tmut      0%         3d11      100%        5
 Death Channel            Necr           0%         N/A       100%        6
 Dispersal                Tloc           0%         N/A       100%        6
 Plasma Beam              Fire/Air       0%         2x1d11    100%        6
 Starburst                Conj/Fire      0%         6d3       100%        6
 Summon Cactus Giant      Summ           0%         N/A       100%        6
 Monstrous Menagerie      Summ           0%         N/A       100%        7
 Storm Form               Tmut/Air       0%         N/A       100%        7
 Summon Hydra             Summ           0%         N/A       100%        7
 Disjunction              Tloc           0%         N/A       100%        8
 Maxwell's Capacitive Co  Air            0%         ∞         100%        8
 Dragon's Call            Summ           0%         N/A       100%        9


Dungeon Overview and Level Annotations

Branches:
Dungeon (15/15) Zot: 24987  Temple (1/1) D:5 Zot: 5925    Lair (5/5) D:11 Zot: 24235
  Swamp (4/4) Lair:2 Zot: 19961  Spider (4/4) Lair:3 Zot: 21630   Slime (0/5) Lair:5
    Orc (2/2) D:11 Zot: 9808     Elf (0/3) Orc:2        Vaults (0/5) D:14
 Depths (0/4) D:15         Bailey (visited)           IceCv (visited)
Volcano (visited)         Gauntlet (visited)

Altars:
Ashenzari
Cheibriados
Dithmenos
Elyvilon
Fedhas
Gozag
Hepliaklqana
Makhleb
Nemelex Xobeh
Okawaru
Qazlal
Sif Muna
Trog
Uskayaw
Vehumet
Wu Jian
Xom
Yredelemnul
Zin
The Shining One
Jiyva

Shops:
D:8 *   D:12 *   Orc:1 *   Orc:2 =*:[:

Annotations:
D:9 1 transporter, PeMo's ghost, novice MiBe
D:14 3 runed translucent doors, CcS's ghost, journeyman DECj; Cown's ghost, journeyman TrHu
Lair:5 exclusion: obsidian statue
Swamp:2 1 runed translucent door, Ykec Esm's ghost, journeyman DrWn


Innate Abilities, Weirdness & Mutations

You have a pair of horns on your head.
You reflexively headbutt those who attack you in melee.


Message History

You kill the culicivora!
You feel a bit more experienced.
You kill the redback!
The entropy weaver is no longer sharing its pain.
You hit the entropy weaver.
Your headbutt misses the entropy weaver.
The entropy weaver is severely wounded.
The orb spider is no longer sharing its pain.
A redback comes into view.
A tarantella comes into view.
The entropy weaver hits you!
You block the entropy weaver's attack. x2
The entropy weaver hits you but does no damage.
The tarantella moves out of view.
You slice the entropy weaver!!
You kill the entropy weaver!
You hear a faint skittering sound.
The tarantella barely misses you. You furiously retaliate!
You headbutt the tarantella, but do no damage.
You chop the culicivora into pieces!!!
You kill the culicivora!
You slash the tarantella! The tarantella closely misses you.
You hit the tarantella but do no damage.
The tarantella is heavily wounded.
The tarantella touches you but does no damage.
You block the tarantella's attack.
A wolf spider comes into view.
You closely miss the tarantella. You headbutt the tarantella.
The tarantella is severely wounded.
You slice the redback!! The tarantella touches you.
You block the redback's attack. The redback barely misses you.
You furiously retaliate!
You headbutt the redback!
You kill the redback!
The orb spider pulsates with a strange energy.
You hit the tarantella. You headbutt the tarantella.
You kill the tarantella!
The wolf spider barely misses you. You furiously retaliate!
You headbutt the wolf spider.
The wolf spider bites you but does no damage.
You slice the wolf spider!!
The wolf spider is heavily wounded.
The wolf spider hits you! The wolf spider bites you.
You slice the jorogumo!!
The jorogumo is moderately wounded.
The jorogumo casts a spell at you.
The stream of webbing hits you but does no damage.
You are caught in a web!
You struggle to detach yourself from the web.
The jorogumo hits you but does no damage.
You struggle to detach yourself from the web.
The wolf spider completely misses you. The wolf spider bites you.
The jorogumo casts a spell at you. The bolt of negative energy hits you!!
You feel drained.
Being near the torpor snail leaves you feeling lethargic.
The web tears apart.
You block the wolf spider's attack. x2
The jorogumo hits you but does no damage.
The wolf spider hits you. The wolf spider barely misses you.
The jorogumo barely misses you. The wolf spider hits you!
* * * LOW HITPOINT WARNING * * *
The wolf spider bites you but does no damage.
You slice the jorogumo like a ripe choko!!!
You headbutt the jorogumo, but do no damage.
The jorogumo is almost dead.
You open the wolf spider like a pillowcase!!!
You kill the wolf spider!
You feel yourself speed up.
You hear a faint skittering sound.
You hear a skittering sound.
You hear a faint skittering sound.
You block the jorogumo's attack.
Being near the torpor snail leaves you feeling lethargic.
The jorogumo stares at you and mumbles some strange words.
The stream of webbing hits you but does no damage.
You are caught in a web!
Aiming: Grand Finale
Press: ? - help, Shift-Dir - straight line, f - torpor snail
Aim: a torpor snail The torpor snail explodes violently!!!
You blow up the torpor snail!
You feel yourself speed up.
The orb spider weaves a glowing orb of energy.
A broodmother comes into view.
The jorogumo stares at you and mumbles some strange words.
The bolt of negative energy hits you!!
You feel drained.
* * * LOW HITPOINT WARNING * * *
The jorogumo casts a spell at you.
The stream of webbing hits you but does no damage.
You are caught in a web!
An orb of destruction comes into view.
Blink to where?
Press: ? - help, Dir - move target
As you read the scroll of blinking, it crumbles to dust.
You enter the shallow water.
Moving in this stuff is going to be slow.
An entropy weaver comes into view.
Unknown command.
Unknown command.
Okay, then.
As you read the scroll of summoning, it crumbles to dust.
Wisps of shadow whirl around you...
The entropy weaver shouts!
The orb of destruction hits you!!
You die...

^.....#####....#...#.#
##.....#..#^.....###.## .....
.......#........~##...##^...~~..^
.....†.#........##.....##..~~~~.^
....<..†....^..s...........~~~...
......^.†.......##.....##...~..s.
###....†....s.sB.##†..##........~
#..†.†.#^.......^###.###..s......
^...†.##......s.@~s#.#...*†.....#
.....###.^.#.#~^.○s°H..†○*.......
....## #~###.###ys.s.s°.#†#^....#
..... ~# . #......###.# #...^
..^.## ## ##.....# ... ... .....
......## .... . .....# .##.....
.....H .....# ^ .B...##.....##
<....# #......#...^##


You could see a jorogumo (ally target), an entropy weaver, a friendly ghost moth
(summoned, invisible), 2 friendly wolf spiders, a friendly culicivora
(summoned), a friendly pharaoh ant (summoned), a friendly jumping spider
(summoned), a friendly tarantella (summoned) and 4 friendly redbacks.

Vanquished Creatures
  Nikola (Swamp:2)
  Arachne (Spider:3)
  Rupert (Lair:4)
  Kirke (Spider:2)
  3 thorn hunters
  Agnes (Spider:3)
  Gastronok (D:9)
  A fenstrider witch (Swamp:3)
  3 emperor scorpions
  Aizul (Swamp:1)
  2 orc warlords
  2 broodmothers
  4 eleionomae
  A minotaur (Gauntlet)
  A dire elephant (Lair:5)
  7 bunyips
  2 spark wasps
  4 entropy weavers
  An ettin (Orc:1)
  A fire dragon (D:13)
  A shambling mangrove (Swamp:1)
  3 ice dragons
  23 hydras
  Erolcha (D:10)
  A ghost crab (Swamp:2)
  5 centaur warriors
  2 radroaches
  A death knight (D:15)
  An anaconda (Lair:2)
  12 alligators
  4 two-headed ogres
  An ogre mage (D:15)
  4 boulder beetles
  3 death scarabs
  7 death yaks
  5 orc high priests (Orc:2)
  A vampire mage (Swamp:2)
  2 tengu warriors
  11 spriggans
  Amaemon (D:9)
  3 skeletal warriors
  3 fire crabs (Lair:2)
  A spectral death yak (Gauntlet)
  A sun moth (Spider:2)
  2 skysharks
  3 pharaoh ants
  4 spriggan druids
  A death drake (Swamp:4)
  3 goliath frogs
  A spectral anaconda (Lair:5)
  9 orb spiders
  8 swamp dragons
  3 bog bodies
  A spectral hydra (Gauntlet)
  Pikel (D:5)
  A deep elf archer (D:14)
  A lindwurm (Lair:5)
  A wizard (D:14)
  4 anaconda skeletons (Volcano)
  4 steelbarb worms
  A deep elf zephyrmancer (D:14)
  4 necromancers (Lair:5)
  A spectral boulder beetle (Gauntlet)
  A harpy (shapeshifter) (D:13)
  6 orc knights
  2 deep elf pyromancers (D:14)
  A will-o-the-wisp (Swamp:4)
  2 cyclopes (D:11)
  4 orc sorcerers
  18 wolf spiders
  12 ugly things
  4 manticores
  9 elephants
  2 moths of wrath
  7 gargoyles
  5 torpor snails
  2 centaur skeletons (D:14)
  4 black mambas
  6 cane toads
  2 demonic crawlers
  Psyche (D:11)
  An orange demon (D:9)
  3 rime drakes
  2 unseen horrors
  12 komodo dragons
  9 yaktaurs
  A freezing wraith (D:15)
  An efreet (D:15)
  3 tengu conjurers
  A queen bee (shapeshifter) (D:13)
  A queen bee (D:9)
  5 trolls
  18 tyrant leeches
  6 polar bears
  12 hornets
  A meliai (Spider:2)
  24 tarantellas
  16 blink frogs
  Prince Ribbit (D:5)
  A spectral elephant (Lair:5)
  A dream sheep (shapeshifter) (D:13)
  A spectral black mamba (Gauntlet)
  20 jumping spiders
  12 dream sheep (Lair:5)
  14 culicivoras
  A centaur simulacrum (D:14)
  A dire elephant simulacrum (Lair:5)
  6 flying skulls
  2 vampires
  An alligator skeleton (Volcano)
  5 wraiths
  40 yaks
  5 wyverns
  7 hogs (Spider:2)
  7 basilisks
  29 redbacks
  3 death yak simulacra (Lair:5)
  24 vampire mosquitoes
  3 wargs
  23 swamp worms
  4 acid dragons
  18 water moccasins
  8 swamp drakes
  2 sky beasts
  2 black bears (Lair:2)
  37 orc warriors
  9 ogres
  A black bear (shapeshifter) (D:14)
  An elephant zombie (Lair:5)
  6 wolves
  2 phantoms
  2 elephant skeletons (Lair:5)
  2 lemures (D:5)
  8 centaurs
  9 bullfrogs
  A kobold brigand (D:10)
  A gnoll sergeant (Orc:1)
  6 scorpions
  A cane toad simulacrum (Lair:5)
  3 wights (D:9)
  An elephant simulacrum (Lair:5)
  32 killer bees
  2 troll skeletons (Volcano)
  3 spriggan skeletons (Volcano)
  7 electric eels
  3 howler monkeys (D:10)
  Crazy Yiuf (D:3)
  3 komodo dragon simulacra (IceCv)
  8 hounds
  36 orc priests
  4 jellies
  4 iguanas
  A gnoll bouda (D:7)
  17 orc wizards
  A boggart skeleton (D:14)
  A naga skeleton (Volcano)
  10 adders
  12 gnolls
  An acid dragon simulacrum (IceCv)
  A shadow imp (D:7)
  2 white imps (D:8)
  An ufetubus (D:5)
  2 steam dragon simulacra (IceCv)
  A dart slug (D:7)
  67 orcs
  6 bats
  5 endoplasms
  16 goblins
  7 hobgoblins
  A quokka (D:3)
  5 ball pythons
  7 frilled lizards
  17 kobolds
  4 rats
  3 spectral weapons
1015 creatures vanquished.

Vanquished Creatures (collateral kills)
  A hydra (Lair:1)
  A goliath frog (Swamp:1)
2 creatures vanquished.

Vanquished Creatures (others)
  A wolf spider (Spider:3)
  A centaur skeleton (D:14)
  A rime drake (D:13)
  A bloated husk (Swamp:1)
  A water elemental (D:15)
  A swamp drake (Swamp:2)
  An electric eel (D:15)
  A briar patch (Swamp:4)
  25 fungi
  42 plants
  26 withered plants
101 creatures vanquished.

Grand Total: 1118 creatures vanquished

Notes
Turn   | Place    | Note
-------+----------+-------------------------------------------
     0 | D:1      | Flugkiller the Minotaur Fighter began the quest for the
                  | Orb.
     0 | D:1      | Reached XP level 1. HP: 19/19 MP: 0/0
   378 | D:1      | Reached XP level 2. HP: 27/27 MP: 1/1
   871 | D:2      | Reached XP level 3. HP: 31/33 MP: 2/2
   976 | D:2      | Identified the +0 ring mail of Wayjih {rC+}
  1594 | D:3      | Found a faded altar of an unknown god.
  1634 | D:3      | Reached XP level 4. HP: 40/41 MP: 3/3
  2040 | D:3      | Found a burning altar of Makhleb.
  2051 | D:3      | Identified the +1 robe of Eryps {rF+ Int+3}
  2098 | D:3      | Found a bloodstained altar of Trog.
  2131 | D:3      | Found a runed translucent door.
  2132 | D:3      | Noticed Crazy Yiuf
  2538 | D:4      | Noticed a scorpion
  2543 | D:4      | Killed a scorpion
  2544 | D:4      | Reached skill level 5 in Fighting
  2544 | D:4      | Reached skill level 5 in Armour
  2544 | D:4      | Reached XP level 5. HP: 48/48 MP: 4/4
  2606 | D:4      | Noticed a centaur
  2612 | D:4      | Killed a centaur
  2613 | D:4      | Reached XP level 6. HP: 54/56 MP: 5/5
  2648 | D:4      | Found an opulent altar of Gozag.
  2857 | D:4      | Identified the +2 ring mail of Riegg {rF+}
  2996 | D:4      | Found a glowing golden altar of the Shining One.
  3265 | D:5      | Entered Level 5 of the Dungeon
  3266 | D:5      | Found a staircase to the Ecumenical Temple.
  3333 | Temple   | Entered the Ecumenical Temple
  3377 | Temple   | Became a worshipper of Uskayaw the Reveller
  3415 | D:5      | Noticed Prince Ribbit
  3421 | D:5      | Reached * piety under Uskayaw
  3423 | D:5      | Reached ** piety under Uskayaw
  3427 | D:5      | Killed Prince Ribbit
  3427 | D:5      | Reached *** piety under Uskayaw
  3428 | D:5      | Reached skill level 5 in Axes
  3428 | D:5      | Reached XP level 7. HP: 9/62 MP: 6/6
  3605 | D:5      | Reached skill level 1 in Invocations
  3652 | D:5      | Reached skill level 5 in Shields
  3743 | D:5      | Noticed Pikel
  3751 | D:5      | Killed Pikel
  3751 | D:5      | Reached **** piety under Uskayaw
  3752 | D:5      | Reached XP level 8. HP: 68/71 MP: 6/8
  3763 | D:5      | Reached ***** piety under Uskayaw
  3774 | D:5      | Reached ****** piety under Uskayaw
  3898 | D:5      | Got the Essays on Remoulded Arcane Combat
  4168 | D:5      | Found a glowing silver altar of Zin.
  4423 | D:5      | Found an ornate altar of the Wu Jian Council.
  4591 | D:3      | Killed Crazy Yiuf
  5275 | D:6      | Reached XP level 9. HP: 79/81 MP: 10/10
  5668 | D:7      | Found a flagged portal.
  5692 | Bailey   | Entered a bailey
  5697 | Bailey   | Noticed an orc warlord
  5743 | Bailey   | Found a runed translucent gate.
  5743 | Bailey   | Found a runed translucent gate.
  5743 | Bailey   | Found a runed translucent gate.
  5939 | Bailey   | Killed an orc warlord
  6202 | D:7      | Found a snail-covered altar of Cheibriados.
  6226 | D:7      | Found a broken altar of Ashenzari.
  6547 | D:7      | Reached XP level 10. HP: 88/91 MP: 12/12
  6931 | D:8      | Acquired the ring "Akalirab" {Will++ EV+5 Str-4 Int+2 SInv}
  7070 | D:8      | Found a shadowy altar of Dithmenos.
  7170 | D:8      | Found Tiwno's Assorted Antiques.
  7187 | D:8      | Bought a scroll labelled ZOAMNA GIMURGH for 28 gold pieces
  7250 | D:8      | Noticed a two-headed ogre
  7262 | D:8      | Killed a two-headed ogre
  7263 | D:8      | Reached skill level 10 in Fighting
  7263 | D:8      | Reached skill level 10 in Armour
  7484 | D:9      | Found a transporter.
  7490 | D:9      | Noticed PeMo's ghost (novice MiBe)
  7500 | D:9      | Noticed a two-headed ogre
  7518 | D:9      | Reached skill level 10 in Axes
  7583 | D:9      | Reached skill level 5 in Invocations
  7813 | D:9      | Found a sparkling altar of Nemelex Xobeh.
  7822 | D:9      | Noticed an orange demon
  7825 | D:9      | Noticed Amaemon
  7837 | D:9      | Killed Amaemon
  7838 | D:9      | Reached XP level 11. HP: 58/101 MP: 8/14
  7980 | D:9      | Noticed Gastronok
  7996 | D:9      | Killed Gastronok
  8564 | D:10     | Entered Level 10 of the Dungeon
  8575 | D:10     | Noticed Erolcha
  8583 | D:10     | Killed Erolcha
  9200 | D:11     | Found a staircase to the Lair.
  9200 | D:11     | Noticed a death yak
  9208 | D:11     | Killed a death yak
  9264 | D:11     | Noticed a brown ugly thing
  9275 | D:11     | Killed a brown ugly thing
  9469 | D:11     | Noticed a two-headed ogre
  9484 | D:11     | Found a staircase to the Orcish Mines.
  9566 | D:11     | Reached XP level 12. HP: 113/113 MP: 15/15
  9683 | D:11     | Noticed a boulder beetle
  9704 | D:11     | Killed a boulder beetle
  9868 | D:11     | Noticed Psyche
  9872 | D:11     | Killed Psyche
 10423 | D:12     | Noticed a boulder beetle
 10444 | D:12     | Killed a boulder beetle
 10484 | D:12     | Found Otoginul's Blood Bar.
 10993 | D:13     | Noticed a fire dragon
 10994 | D:13     | Found a snail-covered altar of Cheibriados.
 11006 | D:13     | Killed a fire dragon
 11006 | D:13     | Noticed a centaur warrior
 11017 | D:13     | Noticed a centaur warrior
 11022 | D:13     | Noticed a two-headed ogre
 11027 | D:13     | Killed a two-headed ogre
 11029 | D:13     | Killed a centaur warrior
 11035 | D:13     | Killed a centaur warrior
 11303 | D:13     | Found a frozen archway.
 11303 | D:13     | Noticed a tengu warrior
 11311 | D:13     | Killed a tengu warrior
 11311 | D:13     | Noticed an ice dragon
 11312 | D:13     | Reached skill level 10 in Shields
 11324 | D:13     | Killed an ice dragon
 11460 | IceCv    | Entered an ice cave
 11924 | Lair:1   | Entered Level 1 of the Lair of Beasts
 11932 | Lair:1   | Reached XP level 13. HP: 99/123 MP: 17/17
 13234 | Lair:2   | Paralysed by a hornet for 2 turns
 13385 | Lair:2   | Found a staircase to the Swamp.
 14496 | Lair:3   | Reached skill level 15 in Fighting
 14533 | Lair:3   | Found a hole to the Spider Nest.
 14732 | Lair:3   | Reached skill level 15 in Armour
 15160 | Lair:4   | Noticed Rupert
 15176 | Lair:4   | Killed Rupert
 15177 | Lair:4   | Reached XP level 14. HP: 102/135 MP: 19/19
 15198 | Lair:4   | Reached skill level 1 in Evocations
 15206 | Lair:4   | Reached skill level 15 in Axes
 15251 | Lair:4   | Identified the +4 ring mail of the Rose {rElec}
 15531 | Lair:5   | Entered Level 5 of the Lair of Beasts
 17036 | Lair:5   | Found a staircase to the Slime Pits.
 17036 | Lair:5   | Found a viscous altar of Jiyva.
 18121 | D:14     | Reached XP level 15. HP: 42/145 MP: 8/20
 18134 | D:14     | Found a runed translucent gate.
 18135 | D:14     | Found a runed translucent gate.
 18482 | D:14     | Found a runed translucent gate.
 18601 | D:14     | Found a gate to the Vaults.
 18651 | D:14     | Noticed Cown's ghost (journeyman TrHu)
 18652 | D:14     | Noticed CcS's ghost (journeyman DECj)
 18788 | D:15     | Entered Level 15 of the Dungeon
 19924 | D:15     | Found a staircase to the Depths.
 19938 | D:15     | Identified the +1 scale mail of Hipoitin {rElec Dex+5}
 20119 | Orc:1    | Entered Level 1 of the Orcish Mines
 20415 | Orc:1    | Found Qeite's Assorted Antiques.
 20757 | Orc:1    | Bought a scroll of blinking for 240 gold pieces
 21065 | Orc:2    | Entered Level 2 of the Orcish Mines
 21090 | Orc:2    | Found a dark tunnel.
 21099 | Volcano  | Entered a volcano
 21383 | Orc:2    | Found a gate leading to a gauntlet.
 21391 | Gauntlet | Entered a Gauntlet
 21391 | Gauntlet | Found a runed translucent door.
 21391 | Gauntlet | Found a transporter.
 21391 | Gauntlet | Found a runed translucent door.
 21391 | Gauntlet | Found a transporter.
 21397 | Gauntlet | Found a transporter.
 21410 | Gauntlet | Found a transporter.
 21427 | Gauntlet | Found a transporter.
 21427 | Gauntlet | Found a transporter.
 21427 | Gauntlet | Found a transporter.
 21429 | Gauntlet | Found a transporter.
 21429 | Gauntlet | Found a transporter.
 21444 | Gauntlet | Found a transporter.
 21458 | Gauntlet | Found a transporter.
 21468 | Gauntlet | Found a transporter.
 21503 | Gauntlet | Found a transporter.
 21520 | Gauntlet | Found a transporter.
 21621 | Gauntlet | Identified the ring "Teczet" {Ice Str+3}
 21656 | Gauntlet | Identified the ring "Qufer" {rF+ Int+3}
 21706 | Gauntlet | Got the Opusculum on the Escort
 21810 | Orc:2    | Reached skill level 10 in Invocations
 21878 | Orc:2    | Found a staircase to the Elven Halls.
 21878 | Orc:2    | Found Boj Dyt's Jewellery Emporium.
 23038 | Orc:2    | Reached XP level 16. HP: 98/156 MP: 22/22
 23197 | Orc:2    | Found Giprirch's Assorted Antiques.
 23197 | Orc:2    | Found Cotsiuhi's Book Shoppe.
 23198 | Orc:2    | Found Ruteyk's Book Shoppe.
 23198 | Orc:2    | Found Suti's Antique Armour Emporium.
 23205 | Orc:2    | Bought 2 scrolls labelled ZUKOLA VOKYAME for 50 gold pieces
 23209 | Orc:2    | Bought a pair of glowing gloves for 232 gold pieces
 23535 | Orc:2    | Bought the ring "Iqyr" {rPois MP+9 Str+4 Int-4 Slay+2} for
                  | 594 gold pieces
 23667 | Swamp:1  | Entered Level 1 of the Swamp
 23766 | Swamp:1  | Noticed Aizul
 23775 | Swamp:1  | Killed Aizul
 24444 | Swamp:2  | Noticed a thorn hunter
 24448 | Swamp:2  | Killed a thorn hunter
 24449 | Swamp:2  | HP: 3/152 [asphyx]
 25135 | Swamp:2  | Found a runed translucent door.
 25135 | Swamp:2  | Noticed Ykec Esm's ghost (journeyman DrWn)
 25325 | Swamp:2  | Noticed Nikola
 25345 | Swamp:2  | Killed Nikola
 25441 | Swamp:2  | Identified the +2 broad axe of Laceration {freeze, rC+}
 26673 | Swamp:4  | Entered Level 4 of the Swamp
 26876 | Swamp:4  | Noticed a thorn hunter
 26877 | Swamp:4  | Noticed a thorn hunter
 26881 | Swamp:4  | Killed a thorn hunter
 26882 | Swamp:4  | Reached XP level 17. HP: 134/168 MP: 24/24
 26905 | Swamp:4  | Got a decaying rune of Zot
 27517 | Spider:1 | Entered Level 1 of the Spider Nest
 27621 | Spider:1 | Acquired the ring "Maeshima" {rF+ SInv}
 28023 | Spider:2 | Noticed Kirke
 28032 | Spider:2 | Killed Kirke
 28936 | Spider:3 | Noticed Arachne
 28954 | Spider:3 | Killed Arachne
 29464 | Spider:3 | Noticed Agnes
 29470 | Spider:3 | Killed Agnes
 29647 | Spider:4 | Entered Level 4 of the Spider Nest
 29661 | Spider:4 | Reached skill level 15 in Shields
 29661 | Spider:4 | Reached XP level 18. HP: 180/180 MP: 26/26
 29841 | Spider:4 | Blown up by an orb spider

Illustrated notes

Levels and vault maps discovered:
D:1:      minmay_arrival_jagged, layout_loops_cross
D:2:      layout_basic, nrook_uturn
D:3:      layout_basic, bloody_makhleb, trog_book, shapermc_ecumenical_altar_gd,
          minmay_distorted, uniq_crazy_yiuf_cottage
D:4:      layout_cave_pods, nicolae_tso_carved_into_rock,
          mainiacjoe_overflow_cross_hatched
D:5:      layout_loops_ring, mainiacjoe_overflow_small_starburst,
          nicolae_wu_jian_immortal_techniques, temple_fountains,
          grunt_decor_fettered, kennysheep_nondescript, uniq_pikel,
          uniq_prince_ribbit1
D:6:      minmay_razor_zed, layout_loops_cross, serial_bayou_lagoon_b
D:7:      layout_rooms, nicolae_ashenzari_panopticon, kennysheep_slug_shrine,
          enter_bailey_3, kennysheep_small_spiral
D:8:      layout_basic, marbit_many_paths, serial_shops,
          nicolae_shop_overgrown_old_shop, hangedman_decor_diamond_cutter
D:9:      layout_basic, mainiacjoe_overflow_brackets, gammafunk_ghost_smash,
          special_room [special_room_bee], uniq_gastronok, uniq_amaemon
D:10:     layout_irregular_city, david_defended_altar_orc, uniq_erolcha
D:11:     layout_roguey, david_lair_generic, uniq_psyche
D:12:     layout_irregular_city, guppyfry_shop_blood
D:13:     layout_gridville, portal_ice_cave_entry_animals_and_master,
          minmay_ruined_shrine
D:14:     layout_long_grid, hangedman_vaults_entry_quadrant_bands, minivault_26,
          gammafunk_ghost_cemetery, kennysheep_generic_room_2
D:15:     grunt_enter_depths_hoard, layout_loops_cross, minmay_crystal_water
Temple:   nicolae_temple_hex_pool
Lair:1:   layout_roguey
Lair:2:   layout_roguey, minmay_swamp_entry_worms, st_stairs_8,
          serial_bayou_pond_a, nicolae_lair_lakeside_cave
Lair:3:   layout_roguey, nicolae_spider_entry_orb_guardian
Lair:4:   layout_misc_corridors, lemuel_fruit_fields, uniq_rupert
Lair:5:   due_jungle_book, layout_long_grid, slime_entry_1
Swamp:1:  layout_falls_marsh, evilmike_swamp_ruin_house_5, uniq_aizul
Swamp:2:  layout_basic_swamp, gammafunk_ghost_grave,
          nicolae_swamp_orc_logging_accident, cheibrodos_swamp_pet_leeches,
          uniq_nikola
Swamp:3:  layout_falls_marsh, evilmike_swamp_ruin_house_4, swamp_pool1,
          infiniplex_staircase_pool_2
Swamp:4:  swamp, layout_basic_swamp
Spider:1: layout_spider_delve
Spider:2: nicolae_spider_hilbert_zone_4 [nicolae_spider_hilbert_4_sides_2_open,
          nicolae_spider_hilbert_4_sides_1_open,
          nicolae_spider_hilbert_4_sides_1_open,
          nicolae_spider_hilbert_4_sides_1_open,
          nicolae_spider_hilbert_4_sides_1_open,
          nicolae_spider_hilbert_2_sides_1_open,
          nicolae_spider_hilbert_2_sides_1_open,
          nicolae_spider_hilbert_2_sides_1_open,
          nicolae_spider_hilbert_2_sides_1_open,
          nicolae_spider_hilbert_6_sides_1_open,
          nicolae_spider_hilbert_6_sides_1_open,
          nicolae_spider_hilbert_3_sides_1_open,
          nicolae_spider_hilbert_3_sides_1_open], uniq_kirke
Spider:3: layout_spider_delve, uniq_arachne, uniq_agnes
Spider:4: hellmonk_spider_rune_endless_swarm, nicolae_orb_stairs
Orc:1:    layout_caves, serial_shops, shop
Orc:2:    st_orc_pillars, layout_caves, nicolae_volcano_entry_hallway,
          serial_shops, nicolae_shop_trees, gauntlet_entry_generic

Skill      XL: |  1  2  3  4  5  6  7  8  9 10 11 12 13 14 15 16 17 |
---------------+----------------------------------------------------+-----
Armour         | 4 5 6 8 9 11 12 13 15 16 17 19 20 | 20.8
Axes           | 3 4 5 6 7 9 10 12 13 14 16 17 18 | 18.0
Fighting       | 4 5 6 8 9 10 12 13 15 16 17 19 20 | 20.7
Shields        | 4 5 6 7 8 9 10 11 12 13 15 | 15.1
Invocations    | 2 3 4 5 6 7 8 9 10 11 12 | 12.3
Evocations     | 3 4 |  4.0

Action                     |  1- 3 |  4- 6 |  7- 9 | 10-12 | 13-15 | 16-18 || total
---------------------------+-------+-------+-------+-------+-------+-------++-------
  Melee: War axe           |    85 |    63 |   171 |       |       |       ||   319
         Headbutt          |     5 |     9 |    35 |   101 |   216 |   110 ||   476
         Broad axe         |       |       |    68 |   439 |   936 |   555 ||  1998
  Throw: Dart              |       |     2 |       |       |       |       ||     2
 Invoke: Line Pass         |       |       |       |     1 |     1 |       ||     2
         Stomp             |       |       |       |     1 |     6 |     2 ||     9
         Grand Finale      |       |       |       |     2 |     2 |     2 ||     6
  Evoke: Wand              |       |     1 |     5 |     4 |    24 |     3 ||    37
         Phantom mirror    |       |       |       |       |     3 |     2 ||     5
    Use: Scroll            |     4 |       |    10 |     8 |    10 |     8 ||    40
         Potion            |       |     1 |     3 |     1 |     4 |     5 ||    14
   Stab: Paralysed         |       |       |    15 |    62 |   152 |    81 ||   310
         Invisible         |       |       |       |       |     4 |       ||     4
         Distracted        |       |       |       |       |     2 |       ||     2
         Confused          |       |       |       |       |       |     2 ||     2
 Armour: Scale mail        |    29 |       |       |       |       |       ||    29
         Plate armour      |    22 |    34 |   146 |   239 |   438 |   430 ||  1309
         Skin              |       |       |     4 |       |       |       ||     4
  Dodge: Dodged            |    35 |    26 |    93 |   208 |   436 |   360 ||  1158
  Block: Buckler           |    18 |    14 |    55 |    85 |       |       ||   172
         Kite shield       |       |       |       |    68 |   533 |   468 ||  1069
